 Dungeon Crawl Stone Soup version 0.31.0-12-g77e489cdc1 (webtiles) character file.

Game seed: 1635237643298124071

21196 NotreDorf the Cleaver (level 12, -7/95 HPs)
             Began as a Gnoll Reaver on Feb 14, 2024.
             Was a High Priest of Vehumet.
             Mangled by a catoblepas (10 damage)
             ... while petrified by a catoblepas
             ... on level 13 of the Dungeon on Feb 17, 2024.
             The game lasted 01:29:27 (13807 turns).

NotreDorf the Cleaver (Gnoll Reaver)               Turns: 13807, Time: 01:29:28

Health: -7/95      AC: 11    Str: 17    XL:     12   Next: 87%
Magic:  25/25      EV:  2    Int: 12    God:    Vehumet [*****.]
Gold:   1015       SH:  0    Dex: 11    Spells: 16/30 levels left

rFire   . . .        l - +4 morningstar
rCold   . . .        n - +1 kite shield
rNeg    + + +        c - +0 troll leather armour
rPois   ∞            y - +1 helmet
rElec   .            w - +0 cloak
rCorr   .            v - +0 pair of gloves
SInv    .            B - +1 pair of boots
Will    .....        k - amulet of reflection
Stlth   +++          C - +5 ring of evasion
HPRegen 1.15/turn    j - +5 ring of evasion
MPRegen 0.19/turn

%: reflection
@: petrified, studying Axes
A: fangs 1, strong nose, distributed training, MP-powered wands
a: Renounce Religion


You were on level 13 of the Dungeon.
You worshipped Vehumet.
Vehumet was extremely pleased with you.
You visited 3 branches of the dungeon, and saw 15 of its levels.

You collected 1043 gold pieces.
You spent 28 gold pieces at shops.

Inventory:

Hand Weapons
 l - a +4 morningstar (weapon)
 F - a +0 dire flail
Missiles
 f - 2 throwing nets
Armour
 c - a +0 troll leather armour (worn)
 h - a +1 ring mail of poison resistance
 n - a +1 kite shield (worn)
 p - an orb of light
 t - a +2 ring mail of fire resistance
 v - a +0 pair of gloves (worn)
 w - a +0 cloak (worn)
 y - a +1 helmet (worn)
 B - a +1 pair of boots (worn)
 G - +0 acid dragon scales
 I - +0 steam dragon scales
Magical Staves
 J - the staff "Jedyo" {rN++ Str+2 Summ Air Earth}
   (You found it on level 11 of the Dungeon)

   [staff of earth]

   Base accuracy: +5 Base damage: 5 Base attack delay: 1.2 This weapon's minimum
   attack delay (0.6) is reached at skill level 12.
   Str+2:     It affects your strength (+2).
   rN++:      It greatly protects you from negative energy.
   Summ:      It increases the power of your Summonings spells.
   Air:       It increases the power of your Air spells.
   Earth:     It increases the power of your Earth spells.
   It falls into the 'Staves' category.
   It is a one-handed weapon.
Jewellery
 b - a ring of protection from cold
 d - a ring of resist corrosion
 j - a +5 ring of evasion (right hand)
 k - an amulet of reflection (around neck)
 C - a +5 ring of evasion (left hand)
 E - a ring of flight
 H - a ring of protection from fire
Wands
 a - a wand of charming (9)
 m - a wand of roots (14)
Scrolls
 e - a scroll of amnesia
 i - a scroll of blinking
 o - a scroll of identify
 r - 2 scrolls of teleportation
 s - 3 scrolls of poison
 u - 3 scrolls of fog
 D - a scroll of revelation {unknown}
Potions
 g - 2 potions of brilliance
 q - a potion of haste
 x - a potion of resistance
 z - a potion of cancellation
 A - a potion of lignification
 K - a potion of might


   Skills:
 + Level 9.3 Fighting
 + Level 8.0 Short Blades
 + Level 8.0 Long Blades
 + Level 11.2 Axes
 + Level 10.4 Maces & Flails
 + Level 8.0 Polearms
 + Level 8.0 Staves
 + Level 8.0 Ranged Weapons
 + Level 8.0 Throwing
 + Level 8.0 Armour
 + Level 9.3 Dodging
 + Level 8.0 Stealth
 + Level 8.0 Shields
 + Level 8.0 Unarmed Combat
 + Level 9.5 Spellcasting
 + Level 8.7 Conjurations
 + Level 6.6 Hexes
 + Level 6.6 Summonings
 + Level 6.6 Necromancy
 + Level 6.6 Translocations
 + Level 6.6 Fire Magic
 + Level 6.6 Ice Magic
 + Level 6.6 Air Magic
 + Level 6.6 Earth Magic
 + Level 6.6 Alchemy
 + Level 8.7 Invocations
 + Level 8.0 Evocations
 + Level 7.3 Shapeshifting


You had 16 spell levels left.
You knew the following spells:

 Your Spells              Type           Power      Damage    Failure   Level
a - Slow                  Hex            84%        N/A       2%          1
b - Mephitic Cloud        Conj/Alch/Air  23%        N/A       1%          3
c - Teleport Other        Tloc           21%        N/A       7%          3
d - Fireball              Conj/Fire      12%        3d7       11%         5
e - Blink                 Tloc           42%        N/A       3%          2

Your spell library contained the following spells:

 Spells                   Type           Power      Damage    Failure   Level
 Bombard                  Conj/Erth      12%        9d3       47%         6
 Kiss of Death            Conj/Necr      96%        2d12      1%          1
 Momentum Strike          Conj/Tloc      48%        3d9       1%          2
 Hailstorm                Conj/Ice       24%        3d7       1%          3
 Summon Small Mammal      Summ           84%        N/A       2%          1
 Cigotuvi's Dreadful Rot  Necr/Alch/Air  42%        N/A       3%          2
 Lesser Beckoning         Tloc           42%        N/A       3%          2
 Call Canine Familiar     Summ           21%        N/A       7%          3
 Confusing Touch          Hex            21%        N/A       7%          3
 Gell's Gravitas          Tloc           21%        N/A       7%          3
 Sigil of Binding         Hex            21%        N/A       7%          3
 Vampiric Draining        Necr           21%        2d7       7%          3
 Summon Blazeheart Golem  Fire/Summ      21%        N/A       22%         4
 Sculpt Simulacrum        Ice/Alch       10%        N/A       98%         6


Dungeon Overview and Level Annotations

Branches:
Dungeon (13/15)            Temple (1/1) D:5            Lair (1/5) D:8
    Orc (0/2) D:9
 Vaults: D:13-14

Altars:
Ashenzari
Cheibriados
Dithmenos
Elyvilon
Fedhas
Gozag
Hepliaklqana
Kikubaaqudgha
Makhleb
Nemelex Xobeh
Okawaru
Qazlal
Ru
Sif Muna
Trog
Uskayaw
Vehumet
Wu Jian
Xom
Yredelemnul
Zin
The Shining One

Shops:
D:1 ?

Annotations:
D:3 turdburglar's ghost, amateur MfSh


Innate Abilities, Weirdness & Mutations

You have very sharp teeth.
Your uncanny sense of smell can sniff out nearby items.
Your experience applies equally to all skills.
You expend magic power (3 MP) to strengthen your wands.


Message History

The catoblepas completely misses you.
You hit the catoblepas.
The catoblepas is heavily wounded.
The catoblepas breathes a plume of calcifying dust at you.
The blast of calcifying dust hits you.
The catoblepas breathes a plume of calcifying dust at you.
The blast of calcifying dust hits you but does no damage.
The catoblepas breathes a plume of calcifying dust at you.
The blast of calcifying dust hits you.
Casting: Mephitic Cloud (safe; 1% risk of failure)
Confirm with . or Enter, or press ? or * to list all spells.
You blink.
You are engulfed in calcifying dust.
The catoblepas breathes a plume of calcifying dust at you.
The blast of calcifying dust hits you but does no damage.
The catoblepas breathes a plume of calcifying dust at you.
The blast of calcifying dust hits you.
You sock the catoblepas!
The catoblepas is heavily wounded.
You are engulfed in calcifying dust.
You are slowing down.
The catoblepas gores you!! The catoblepas misses you.
You block the catoblepas's attack.
Your limbs are stiffening.
You hit the catoblepas.
The catoblepas is heavily wounded.
You block the catoblepas's attack. x2; You have turned to stone.
You feel ready to blink again.
The catoblepas breathes a plume of calcifying dust at you.
The blast of calcifying dust hits you.
You are engulfed in calcifying dust.
The catoblepas barely misses you.
You are engulfed in calcifying dust.
The catoblepas gores you!
You are engulfed in calcifying dust.
The catoblepas gores you!!
* * * LOW HITPOINT WARNING * * *
You are engulfed in calcifying dust.
The catoblepas gores you!
* * * LOW HITPOINT WARNING * * *
You are engulfed in calcifying dust.
The catoblepas gores you!
* * * LOW HITPOINT WARNING * * *
The catoblepas gores you!!
* * * LOW HITPOINT WARNING * * *
The catoblepas gores you!!
You die...

#########
.........>....
########.............
#......#............#
#...@..#............#
+..Y...#............#
..#####'##............'
......................#
......))..............#
......)###+##.........#
....... #.........#
....... #..........
....... #######....


You could see a catoblepas.

Vanquished Creatures
  Nessos (D:12)
  A centaur warrior (D:11)
  5 two-headed ogres
  A boulder beetle (D:12)
  Sonja (D:12)
  A slime creature (D:12)
  2 cyclopes
  Joseph (D:7)
  3 gargoyles
  Maggie (D:7)
  Jeremiah (D:8)
  2 kobold demonologists (D:11)
  5 trolls
  A hornet (D:8)
  2 wraiths
  17 yaks
  A basilisk (D:13)
  A vampire (D:11)
  4 wyverns
  3 steam dragons
  9 vampire mosquitoes
  3 acid dragons
  4 water moccasins
  2 hornet zombies (D:7)
  An ice beast (D:5)
  6 orc warriors
  A black bear (D:6)
  A sky beast (D:6)
  A wolf (D:8)
  6 centaurs
  2 phantoms
  3 kobold brigands
  6 bullfrogs
  3 gnoll sergeants
  2 scorpions (D:6)
  2 wyvern zombies (D:7)
  12 wights
  3 killer bees (D:9)
  5 howler monkeys
  4 centaur zombies (D:7)
  12 orc priests
  3 bombardier beetles
  7 hounds
  4 jellies
  A sleepcap (D:8)
  8 iguanas
  15 orc wizards
  4 killer bee zombies (D:7)
  A boggart simulacrum (D:12)
  8 gnolls
  6 adders
  A white imp (D:8)
  2 dart slugs
  2 ribbon worms (D:2)
  60 orcs
  4 endoplasms
  3 giant cockroaches
  3 goblins
  9 hobgoblins
  2 jackals (D:2)
  2 quokkas (D:1)
  6 ball pythons
  5 bats
  7 frilled lizards
  13 kobolds
  11 rats
329 creatures vanquished.

Vanquished Creatures (others)
  A kobold (D:10)
1 creature vanquished.

Grand Total: 330 creatures vanquished

Notes
Turn   | Place    | Note
-------+----------+-------------------------------------------
     0 | D:1      | NotreDorf the Gnoll Reaver began the quest for the Orb.
     0 | D:1      | Reached XP level 1. HP: 20/20 MP: 6/6
   279 | D:1      | Reached XP level 2. HP: 16/26 MP: 7/7
   376 | D:1      | Found Dijynn's Magic Scroll Shoppe.
   386 | D:1      | Bought a scroll of identify for 28 gold pieces
   443 | D:1      | Found a faded altar of an unknown god.
  1025 | D:2      | Reached skill level 5 in Spellcasting
  1025 | D:2      | Reached XP level 3. HP: 9/31 MP: 7/9
  1245 | D:2      | Reached skill level 1 in Invocations
  1425 | D:2      | Got the Lectures on Arsenical Causimancy
  1473 | D:2      | Reached skill level 1 in Short Blades
  1473 | D:2      | Reached skill level 1 in Long Blades
  1473 | D:2      | Reached skill level 1 in Axes
  1473 | D:2      | Reached skill level 1 in Polearms
  1473 | D:2      | Reached skill level 1 in Staves
  1473 | D:2      | Reached skill level 1 in Ranged Weapons
  1473 | D:2      | Reached skill level 1 in Throwing
  1473 | D:2      | Reached skill level 1 in Armour
  1473 | D:2      | Reached skill level 1 in Stealth
  1473 | D:2      | Reached skill level 1 in Shields
  1473 | D:2      | Reached skill level 1 in Unarmed Combat
  1473 | D:2      | Reached skill level 1 in Evocations
  1516 | D:2      | Reached skill level 1 in Shapeshifting
  1516 | D:2      | Reached XP level 4. HP: 31/38 MP: 11/11
  2276 | D:2      | Reached skill level 1 in Hexes
  2276 | D:2      | Reached skill level 1 in Summonings
  2276 | D:2      | Reached skill level 1 in Necromancy
  2276 | D:2      | Reached skill level 1 in Translocations
  2276 | D:2      | Reached skill level 1 in Fire Magic
  2276 | D:2      | Reached skill level 1 in Ice Magic
  2276 | D:2      | Reached skill level 1 in Air Magic
  2276 | D:2      | Reached skill level 1 in Earth Magic
  2276 | D:2      | Reached skill level 1 in Alchemy
  2518 | D:3      | Reached XP level 5. HP: 43/43 MP: 12/12
  2785 | D:3      | Found a runed translucent gate.
  2785 | D:3      | Found a runed translucent gate.
  2785 | D:3      | Noticed turdburglar's ghost (amateur MfSh)
  2787 | D:3      | Found a runed translucent gate.
  2787 | D:3      | Identified the +2 chain mail of the Stars {rF+ rC+ Will+}
  3059 | D:3      | Reached skill level 2 in Axes
  3659 | D:4      | Reached XP level 6. HP: 44/50 MP: 13/13
  3725 | D:3      | Reached skill level 5 in Fighting
  3725 | D:3      | Reached skill level 5 in Dodging
  4378 | D:4      | Identified the maw talisman "Daaraik" {Fly}
  4398 | D:4      | Reached skill level 3 in Axes
  4760 | D:5      | Entered Level 5 of the Dungeon
  4847 | D:5      | Reached XP level 7. HP: 56/56 MP: 15/15
  5402 | D:5      | Found a staircase to the Ecumenical Temple.
  5408 | Temple   | Entered the Ecumenical Temple
  5602 | Temple   | Became a worshipper of Vehumet
  5808 | D:6      | Reached skill level 4 in Axes
  5832 | D:6      | Gained mutation: You sometimes lose your temper in combat.
                  | [potion of mutation]
  5880 | D:6      | Reached XP level 8. HP: 58/63 MP: 16/16
  6170 | D:6      | Lost mutation: You sometimes lose your temper in combat.
                  | [potion of mutation]
  6170 | D:6      | Gained mutation: You expend magic power (3 MP) to
                  | strengthen your wands. [potion of mutation]
  6207 | D:6      | Reached skill level 5 in Axes
  6887 | D:7      | Reached XP level 9. HP: 66/69 MP: 18/18
  6925 | D:7      | Reached * piety under Vehumet
  6925 | D:7      | Offered knowledge of Foxfire by Vehumet.
  7153 | D:7      | Reached skill level 6 in Axes
  7307 | D:7      | Noticed Maggie
  7325 | D:7      | Reached skill level 5 in Invocations
  7578 | D:7      | Noticed Joseph
  7620 | D:7      | Killed Joseph
  7621 | D:7      | Reached skill level 7 in Axes
  7684 | D:7      | Reached skill level 5 in Short Blades
  7684 | D:7      | Reached skill level 5 in Long Blades
  7684 | D:7      | Reached skill level 5 in Polearms
  7684 | D:7      | Reached skill level 5 in Staves
  7684 | D:7      | Reached skill level 5 in Ranged Weapons
  7684 | D:7      | Reached skill level 5 in Throwing
  7684 | D:7      | Reached skill level 5 in Armour
  7684 | D:7      | Reached skill level 5 in Stealth
  7684 | D:7      | Reached skill level 5 in Shields
  7684 | D:7      | Reached skill level 5 in Unarmed Combat
  7684 | D:7      | Reached skill level 5 in Evocations
  7684 | D:7      | Reached XP level 10. HP: 57/77 MP: 20/20
  7812 | D:7      | Killed Maggie
  7812 | D:7      | Reached ** piety under Vehumet
  7812 | D:7      | Offered knowledge of Mercury Vapours by Vehumet.
  7969 | D:7      | Found a shimmering blue altar of Sif Muna.
  8717 | D:8      | Noticed Jeremiah
  8725 | D:8      | Killed Jeremiah
  8747 | D:8      | Reached skill level 5 in Shapeshifting
  8766 | D:8      | Reached skill level 8 in Axes
  9079 | D:8      | Found a staircase to the Lair.
  9104 | Lair:1   | Entered Level 1 of the Lair of Beasts
  9363 | D:8      | Offered knowledge of Frozen Ramparts by Vehumet.
  9370 | D:8      | Learned a level 3 spell: Mephitic Cloud
  9426 | D:8      | HP: 3/79 [orc warrior/+0 short sword (4)]
  9500 | D:8      | Reached skill level 5 in Hexes
  9500 | D:8      | Reached skill level 5 in Summonings
  9500 | D:8      | Reached skill level 5 in Necromancy
  9500 | D:8      | Reached skill level 5 in Translocations
  9500 | D:8      | Reached skill level 5 in Fire Magic
  9500 | D:8      | Reached skill level 5 in Ice Magic
  9500 | D:8      | Reached skill level 5 in Air Magic
  9500 | D:8      | Reached skill level 5 in Earth Magic
  9500 | D:8      | Reached skill level 5 in Alchemy
  9692 | D:8      | Identified the +1 ring mail of the Bagpipe {Fly rCorr
                  | Int-5}
  9819 | D:8      | Learned a level 1 spell: Slow
  9823 | D:8      | Learned a level 3 spell: Teleport Other
  9884 | D:9      | Reached XP level 11. HP: 85/85 MP: 22/22
  9919 | D:9      | Reached *** piety under Vehumet
 10063 | D:9      | Found a flagged portal.
 10152 | D:9      | Offered knowledge of Inner Flame by Vehumet.
 10194 | D:9      | Reached skill level 9 in Axes
 10220 | D:9      | Found a staircase to the Orcish Mines.
 10271 | D:9      | Reached **** piety under Vehumet
 10477 | D:9      | Offered knowledge of Lee's Rapid Deconstruction by Vehumet.
 10666 | D:9      | Noticed a two-headed ogre
 10682 | D:9      | Killed a two-headed ogre
 11107 | D:9      | Noticed a cyclops
 11130 | D:9      | Killed a cyclops
 11371 | D:9      | Learned a level 5 spell: Fireball
 11385 | D:10     | Entered Level 10 of the Dungeon
 11612 | D:10     | Found a hide-covered altar of Uskayaw.
 12147 | D:11     | Noticed a two-headed ogre
 12162 | D:11     | Killed a two-headed ogre
 12163 | D:11     | Reached skill level 10 in Axes
 12215 | D:11     | Noticed a two-headed ogre
 12296 | D:11     | Killed a two-headed ogre
 12297 | D:11     | Reached XP level 12. HP: 60/94 MP: 24/24
 12466 | D:11     | Identified the staff "Jedyo" {rN++ Str+2 Summ Air Earth}
 12605 | D:11     | Noticed a centaur warrior
 12615 | D:11     | Killed a centaur warrior
 12615 | D:11     | Reached ***** piety under Vehumet
 12715 | D:11     | Noticed a two-headed ogre
 12727 | D:11     | Killed a two-headed ogre
 12806 | D:12     | Reached skill level 10 in Maces & Flails
 12820 | D:12     | Offered knowledge of Bombard by Vehumet.
 12826 | D:12     | Noticed a two-headed ogre
 12832 | D:12     | Noticed a boulder beetle
 12849 | D:11     | Killed a two-headed ogre
 12931 | D:12     | Killed a boulder beetle
 12969 | D:12     | Noticed Sonja
 13017 | D:12     | Killed Sonja
 13213 | D:12     | Noticed Nessos
 13226 | D:12     | Killed Nessos
 13227 | D:12     | Reached skill level 11 in Axes
 13748 | D:13     | Learned a level 2 spell: Blink
 13784 | D:13     | Noticed a catoblepas
 13806 | D:13     | HP: 2/95 [catoblepas (9)]
 13807 | D:13     | Mangled by a catoblepas

Illustrated notes

Levels and vault maps discovered:
D:1:      minmay_arrival_diagonal_passages, layout_basic,
          shapermc_ecumenical_altar_starsandcircs, serial_shops, shop,
          serial_rivers, chequers_serial_rivers_small_3,
          chequers_serial_rivers_large_a, chequers_serial_rivers_large_b,
          chequers_serial_rivers_micro_d, chequers_serial_rivers_micro_a,
          chequers_serial_rivers_small_3
D:2:      layout_basic, minmay_misc_feat_five, minmay_indecisive_spiral
D:3:      layout_loops_ring, biasface_ghost_orc_armoury,
          chequers_serial_rivers_marsh
D:4:      layout_cave_pools, minivault_24, minmay_misc_feat_rows
D:5:      layout_basic, minmay_temple_entry_fiery
D:6:      layout_layer_cave, minmay_fractal_squares_gapless_5
D:7:      nicolae_cairo_tiling, layout_basic, led_sif_pool, serial_undead,
          serial_undead_d, serial_undead_c, serial_undead_a, serial_undead_e,
          serial_undead_a, chequers_serial_rivers_small_b,
          grunt_decor_arrowhead, uniq_maggie, uniq_joseph
D:8:      layout_basic, erik_lair_island, st_stairs_11, kennysheep_kite_vault,
          uniq_jeremiah
D:9:      minmay_slanted_spiral_squares, layout_basic, hiddenorc2_lemuel,
          serial_glass, glass_columns_c, glass_columns_a, enter_bailey_6
D:10:     layout_irregular_city, mainiacjoe_overflow_tiny_flanked
D:11:     layout_loops_ring
D:12:     layout_basic, uniq_nessos, uniq_sonja
D:13:     layout_irregular_city
Temple:   mainiacjoe_temple_big_plus
Lair:1:   layout_chaotic_city, portal_ice_cave_entry_pillars_1,
          gammafunk_ghost_split, infiniplex_staircase_pool

Skill      XL: |  1  2  3  4  5  6  7  8  9 10 11 12 |
---------------+-------------------------------------+-----
Spellcasting   | 5 6 7 8 9 |  9.5
Invocations    | 1 2 3 4 5 6 7 8 |  8.7
Short Blades   | 1 2 3 5 6 7 8 |  8.0
Long Blades    | 1 2 3 5 6 7 8 |  8.0
Axes           | 1 2 3 4 5 7 8 10 11 | 11.2
Polearms       | 1 2 3 5 6 7 8 |  8.0
Staves         | 1 2 3 5 6 7 8 |  8.0
Ranged Weapons | 1 2 3 5 6 7 8 |  8.0
Throwing       | 1 2 3 5 6 7 8 |  8.0
Armour         | 1 2 3 5 6 7 8 |  8.0
Stealth        | 1 2 3 5 6 7 8 |  8.0
Shields        | 1 2 3 5 6 7 8 |  8.0
Unarmed Combat | 1 2 3 5 6 7 8 |  8.0
Evocations     | 1 2 3 5 6 7 8 |  8.0
Shapeshifting  | 1 2 3 4 5 6 7 |  7.3
Hexes          | 1 2 3 4 5 6 |  6.6
Summonings     | 1 2 3 4 5 6 |  6.6
Necromancy     | 1 2 3 4 5 6 |  6.6
Translocations | 1 2 3 4 5 6 |  6.6
Fire Magic     | 1 2 3 4 5 6 |  6.6
Ice Magic      | 1 2 3 4 5 6 |  6.6
Air Magic      | 1 2 3 4 5 6 |  6.6
Earth Magic    | 1 2 3 4 5 6 |  6.6
Alchemy        | 1 2 3 4 5 6 |  6.6
Fighting       | 5 6 7 8 9 |  9.3
Dodging        | 5 6 7 8 9 |  9.3
Maces & Flails | 7 8 9 10 | 10.4
Conjurations   | 6 7 8 |  8.7

Action                     |  1- 3 |  4- 6 |  7- 9 | 10-12 || total
---------------------------+-------+-------+-------+-------++-------
  Melee: Mace              |   120 |   290 |   431 |    99 ||   940
         Bite              |     9 |    36 |    68 |   109 ||   222
         Punch             |     1 |     3 |       |       ||     4
         Morningstar       |       |       |       |   798 ||   798
   Cast: Slow              |       |       |       |     9 ||     9
         Mephitic Cloud    |       |       |       |     6 ||     6
         Fireball          |       |       |       |     9 ||     9
         Blink             |       |       |       |     1 ||     1
  Evoke: Wand              |       |       |     1 |     2 ||     3
    Use: Scroll            |     1 |    12 |     1 |    14 ||    28
         Potion            |       |     2 |     8 |     7 ||    17
   Stab: Sleeping          |       |     1 |     2 |     7 ||    10
         Distracted        |       |       |     1 |     1 ||     2
         Confused          |       |       |       |     4 ||     4
 Armour: Leather armour    |    59 |   134 |       |       ||   193
         Ring mail         |       |       |   149 |    98 ||   247
         Troll leather arm |       |       |       |   237 ||   237
         Acid dragon scale |       |       |       |     1 ||     1
  Dodge: Dodged            |    72 |   136 |   207 |   468 ||   883
  Block: Kite shield       |     5 |    74 |   340 |   718 ||  1137
         Other             |       |    34 |       |       ||    34
         Reflection        |       |     1 |     2 |    25 ||    28
